 Dungeon Crawl Stone Soup version 0.28.0-49-g6dfe1f597d (webtiles) character file.

Game seed: 12465978057583333032

3468 Zeld the Frost Mage (level 10, -2/75 HPs)
             Began as a Ghoul Ice Elementalist on May 13, 2022.
             Was a Follower of Vehumet.
             Killed from afar by Harold (16 damage)
             ... with a harpoon shot
             ... on level 7 of the Dungeon.
             The game lasted 00:16:57 (14426 turns).

Zeld the Frost Mage (Ghoul Ice Elementalist)       Turns: 14426, Time: 00:16:58

Health: -2/75      AC:  2    Str: 13    XL:     10   Next: 6%
Magic:  28/28      EV: 13    Int: 14    God:    Vehumet [*.....]
Gold:   172        SH:  0    Dex:  9    Spells: 6/22 levels left

rFire   . . .      SeeInvis .   y - +2 club (spect)
rCold   + . .      Faith    .   s - orb {*channel}
rNeg    + + +      Spirit   .   a - +0 robe
rPois   ∞          Reflect  .   (no helmet)
rElec   .          Harm     .   (no cloak)
rCorr   +          Rampage  .   (no gloves)
Will    .....                   (no boots)
Stlth   ++........              (no amulet)
HPRegen 0.00/turn               v - ring of magical power
MPRegen 0.21/turn               x - ring of resist corrosion

@: marked, inhibited regen
A: claws 1, cold resistance 1, negative energy resistance 3, inhibited
regeneration, torment resistance 2
a: Renounce Religion


You were on level 7 of the Dungeon.
You worshipped Vehumet.
Vehumet was aware of your devotion.
You visited 2 branches of the dungeon, and saw 8 of its levels.

You collected 332 gold pieces.
You spent 160 gold pieces at shops.

Inventory:

Hand Weapons
 y - a +2 spectral club (weapon)
Armour
 a - a +0 robe (worn)
 s - an orb of energy (worn)
Jewellery
 v - a ring of magical power (left claw)
 x - a ring of resist corrosion (right claw)
Wands
 r - a wand of flame (11)
 B - a wand of digging (6)
Scrolls
 d - a scroll of fog {unknown}
 e - 3 scrolls of fear {unknown}
 i - 2 scrolls of summoning {unknown}
 k - 4 scrolls of identify {unknown}
 l - 3 scrolls of teleportation {unknown}
 o - a scroll of magic mapping {unknown}
 p - 2 scrolls of silence {unknown}
 t - a scroll of enchant armour {unknown}
 A - 2 scrolls of immolation {unknown}
 C - a scroll of noise {unknown}
 E - a scroll of enchant weapon {unknown}
Potions
 b - 2 potions of brilliance
 c - 2 potions of invisibility {unknown}
 f - a potion of might {unknown}
 g - a potion of mutation {unknown}
 h - 2 potions of curing {unknown}
 j - a potion of berserk rage {unknown}
 m - a potion of resistance {unknown}
 n - a potion of attraction {unknown}
 q - 2 potions of magic {unknown}
 u - 2 potions of ambrosia {unknown}
 w - a potion of cancellation {unknown}
 z - a potion of degeneration {unknown}
 D - a potion of heal wounds {unknown}


   Skills:
 + Level 2.9 Fighting
 + Level 5.2 Dodging
 - Level 2.1 Stealth
 * Level 6.8 Spellcasting
 + Level 3.1 Conjurations
 * Level 9.6 Ice Magic
 + Level 3.7 Evocations


You had 6 spell levels left.
You knew the following spells:

 Your Spells              Type           Power      Damage    Failure   Level
a - Freeze                Ice            100%       1d11      1%          1
b - Frozen Ramparts       Ice            62%        1d8       1%          3
c - Ozocubu's Armour      Ice            31%        N/A       1%          3
d - Hailstorm             Conj/Ice       22%        3d7       11%         4
e - Iskenderun's Battles  Conj           13%        2d7       75%         5

Your spell library contained the following spells:

 Spells                   Type           Power      Damage    Failure   Level
 Sandblast                Erth           8%         2d5       14%         1
 Static Discharge         Conj/Air       9%         N/A       12%         2
 Cause Fear               Hex            2%         N/A       82%         4
 Fireball                 Conj/Fire      4%         3d4       91%         5
 Lightning Bolt           Conj/Air       4%         1d16      91%         5
 Conjure Ball Lightning   Conj/Air       4%         3x3d6     100%        6
 Orb of Destruction       Conj           6%         9d6       100%        7
 Maxwell's Capacitive Co  Air            2%         ∞         100%        8
 Dragon's Call            Summ           2%         N/A       100%        9
 Dragon Form              Tmut           Unusable   N/A       N/A         7

Dungeon Overview and Level Annotations

Branches:
Dungeon (7/15)             Temple (1/1) D:4

Altars:
Ashenzari
Cheibriados
Dithmenos
Elyvilon
Fedhas
Hepliaklqana
Kikubaaqudgha
Makhleb
Nemelex Xobeh
Okawaru
Qazlal
Ru
Sif Muna
Trog
Uskayaw
Vehumet
Wu Jian
Xom
Yredelemnul
Zin
The Shining One

Shops:
D:2 (   D:3 [

Annotations:
D:7 Harold


Innate Abilities, Weirdness & Mutations

You thrive by killing the living.
You are immune to poison.
You have sharp fingernails.
Your flesh is cold resistant. (rC+)
You are immune to negative energy. (rN+++)
You do not regenerate when monsters are visible.
You are immune to unholy pain and torment.


Message History

Harold is nearby!
Harold throws a throwing net.
The throwing net hits you.
You become entangled in the net!
You see here a throwing net.
You tear a large gash into the net.
You struggle against the net.
Harold hits you with a +2 short sword of draining!
You shred the net and break free!
A howler monkey skeleton comes into view.
Harold hits you with a +2 short sword of draining!
Unknown command.
Harold throws a throwing net.
The throwing net misses you.
You see here a throwing net.
Harold fires a harpoon shot at you. The harpoon shot hits you!
You are yanked forward by the harpoon shot.
You see here a throwing net.
Harold throws a throwing net.
The throwing net barely misses you.
You see here a throwing net.
A bullfrog comes into view.
Harold throws a throwing net.
The throwing net hits you.
You become entangled in the net!
There is a stone staircase leading up here.
Things that are here:
a throwing net; a sky beast corpse You struggle against the net.
Harold casts a spell at you. The mark upon you grows brighter.
You struggle against the net.
Harold fires a harpoon shot at you. The harpoon shot hits you.
You are yanked forward by the harpoon shot.
The bullfrog hits you. The bullfrog hits you!
* * * LOW HITPOINT WARNING * * *
The bullfrog hits you.
* * * LOW HITPOINT WARNING * * *
Harold fires a harpoon shot at you. The harpoon shot hits you!
You die...

#.######.## #.# #.#
#.######.# #.##.....#
#.##.##.######
#.##.#.#.#.#.##
#.............##
#.##.#F#.#.#.#.###
#.#..@.@Z.....(..#
#.##.#.#.#.#.###.#
#.#.).........##.#
..##.#.#.#.#.###.#
.##.................#
#
##.#.#.#.#.#........
.............####.##
.#.#.#.#.#.#.# .#
....#####... #


You could see Harold, a bullfrog and a howler monkey skeleton.

Vanquished Creatures
  Pikel (D:6)
  Sigmund (D:3)
  Edmund (D:5)
  An orc warrior (D:6)
  2 sky beasts
  2 ice beasts
  3 black bears
  2 ogres (D:5)
  2 necrophages (D:5)
  A centaur (D:5)
  A phantom (D:5)
  3 bullfrogs (D:6)
  2 water moccasin zombies (D:6)
  3 scorpions
  A water moccasin skeleton (D:6)
  4 bullfrog zombies (D:6)
  3 hounds (D:5)
  3 centaur zombies (D:6)
  3 jellies
  An orc priest (D:5)
  A gnoll shaman (D:6)
  3 centaur skeletons
  3 iguanas (D:5)
  Ijyb (D:4)
  2 orc wizards
  A killer bee zombie (D:6)
  A howler monkey zombie (D:6)
  5 adders
  9 gnolls
  2 ufetubi
  6 dart slugs
  11 orcs
  6 endoplasms
  6 giant cockroaches
  8 goblins
  9 hobgoblins
  7 jackals
  12 kobolds
  3 quokkas (D:1)
  3 ball pythons (D:2)
  5 bats
  3 frilled lizards
  6 rats
153 creatures vanquished.

Vanquished Creatures (others)
  A withered plant (D:6)
1 creature vanquished.

Grand Total: 154 creatures vanquished

Notes
Turn   | Place    | Note
-------+----------+-------------------------------------------
     0 | D:1      | Zeld the Ghoul Ice Elementalist began the quest for the
                  | Orb.
     0 | D:1      | Reached XP level 1. HP: 14/14 MP: 2/2
   140 | D:1      | Reached XP level 2. HP: 9/20 MP: 0/4
   891 | D:1      | Reached XP level 3. HP: 26/26 MP: 5/5
   895 | D:1      | Learned a level 3 spell: Frozen Ramparts
  1580 | D:2      | Reached skill level 5 in Ice Magic
  1820 | D:2      | Found Poakei's Antique Weapon Boutique.
  1825 | D:2      | Reached XP level 4. HP: 20/33 MP: 3/6
  2119 | D:2      | Learned a level 3 spell: Ozocubu's Armour
  2274 | D:2      | Found an iron altar of Okawaru.
  2678 | D:3      | Noticed Sigmund
  2884 | D:4      | Reached XP level 5. HP: 26/38 MP: 4/8
  3175 | D:4      | Found a staircase to the Ecumenical Temple.
  3243 | Temple   | Entered the Ecumenical Temple
  3411 | Temple   | Became a worshipper of Vehumet
  4305 | D:3      | Killed Sigmund
  4306 | D:3      | Reached skill level 6 in Ice Magic
  4306 | D:3      | Reached XP level 6. HP: 45/45 MP: 2/10
  4384 | D:3      | Found Daasooro's Armour Shop.
  4410 | D:3      | Found a faded altar of an unknown god.
  4458 | D:3      | Learned a level 4 spell: Hailstorm
  4687 | D:3      | HP: 1/45 [phantom (3)]
  5881 | D:4      | Noticed Ijyb
  5886 | D:4      | Killed Ijyb
  5887 | D:4      | Reached XP level 7. HP: 41/50 MP: 6/12
  6101 | D:3      | Bought an orb of energy for 160 gold pieces
  6690 | D:5      | Entered Level 5 of the Dungeon
  6705 | D:5      | Reached * piety under Vehumet
  6705 | D:5      | Offered knowledge of Sandblast by Vehumet.
  6729 | D:5      | Reached skill level 1 in Evocations
  6850 | D:5      | Reached skill level 7 in Ice Magic
  7297 | D:5      | Noticed Edmund
  7305 | D:5      | Killed Edmund
  7830 | D:5      | Reached XP level 8. HP: 51/57 MP: 9/14
  7836 | D:5      | Learned a level 5 spell: Iskenderun's Battlesphere
  8021 | D:5      | Reached skill level 5 in Spellcasting
  8610 | D:5      | Reached skill level 1 in Conjurations
  9390 | D:5      | Reached skill level 8 in Ice Magic
 10602 | D:5      | Reached XP level 9. HP: 25/62 MP: 16/16
 11620 | D:6      | Reached skill level 1 in Fighting
 12607 | D:6      | Reached skill level 9 in Ice Magic
 13572 | D:7      | Noticed Pikel
 13587 | D:6      | Killed Pikel
 13588 | D:6      | Reached skill level 5 in Dodging
 13909 | D:6      | Reached XP level 10. HP: 37/74 MP: 19/19
 14403 | D:7      | Noticed Harold
 14426 | D:7      | Killed from afar by Harold

Illustrated notes

Levels and vault maps discovered:
D:1:      onia_arrival_mini_maze_b, layout_loops_ring
D:2:      layout_rooms, serial_shops, nicolae_square_shop, basic_altar
D:3:      layout_basic, dreamdust_ecumenical_altar_statues, serial_shops,
          nicolae_shop_statue_plus, uniq_sigmund, uniq_crazy_yiuf_cottage
D:4:      layout_basic, temple_doors_e, kennysheep_generic_room_7, uniq_ijyb
D:5:      layout_loops_ring, uniq_edmund
D:6:      layout_layer_cave, serial_undead, serial_undead_d, serial_undead_e,
          serial_undead_f, serial_undead_f
D:7:      layout_rooms, st_stairs_10, uniq_harold, uniq_pikel, uniq_menkaure
Temple:   mainiacjoe_temple_trianglar_array

Skill      XL: |  1  2  3  4  5  6  7  8  9 10 |
---------------+-------------------------------+-----
Spellcasting   | 2 3 4 5 6 |  6.8
Dodging        | 2 3 4 5 |  5.2
Ice Magic      | 5 6 7 8 9 |  9.6
Evocations     | 1 2 3 |  3.7
Conjurations   | 1 2 3 |  3.1
Fighting       | 2 |  2.9
Stealth        | |  2.1

Action                   |  1- 3 |  4- 6 |  7- 9 | 10-12 || total
-------------------------+-------+-------+-------+-------++-------
Melee: Unarmed           |    58 |    38 |    73 |       ||   169
       Punch             |     1 |     1 |       |       ||     2
       Club              |       |       |    80 |    11 ||    91
 Cast: Freeze            |    43 |    87 |    81 |     3 ||   214
       Frozen Ramparts   |     1 |     7 |    22 |     1 ||    31
       Hailstorm         |       |       |     8 |       ||     8
       Ozocubu's Armour  |       |       |     6 |       ||     6
Evoke: Wand              |       |       |    15 |       ||    15
 Stab: Sleeping          |       |     1 |     1 |       ||     2
Armor: Robe              |    18 |    13 |    75 |     1 ||   107
Dodge: Dodged            |    60 |    83 |   296 |    10 ||   449
